 Dungeon Sprint DCSS version 0.22.1-2-g9c5b331383 (webtiles) character file.

269941 Groucho the Imperceptible (level 12, 8/64 HPs)
             Began as a Felid Berserker on Nov 15, 2018.
             Was an Elder of Trog.
             Escaped with the Orb!
             The game lasted 00:24:27 (7652 turns).

Groucho the Imperceptible (Felid Berserker)         Turns: 7652, Time: 00:24:28

Health: 8/64       AC:  3    Str: 17    XL:     12   Next: 5%
Magic:  13/13      EV: 36    Int:  8    God:    Trog [****..]
Gold:   4154       SH:  0    Dex: 24    Spells: 11/11 levels left
                                        Lives:  1   Deaths: 2

rFire    + . .     SeeInvis +     - Unarmed
rCold    + + .     Gourm    .   (shield unavailable)
rNeg     . . .     Faith    +   (armour unavailable)
rPois    .         Spirit   .   (helmet unavailable)
rElec    .         Reflect  .   (cloak unavailable)
rCorr    .         Harm     .   (gloves unavailable)
MR       +....     NoTele   +   (boots unavailable)
Stlth    ++++......             p - amulet of faith
HPRegen  0.20/turn              d - ring of the Scarab {rF+ rC+ Str+4 Int-2 Dex+5}
MPRegen  0.13/turn              k - ring of flight

@: quick
A: very small, no armour, no weapons or thrown items, stealth, claws 1, fangs 3,
see invisible, carnivore, speed 1, shaggy fur 3, slow metabolism 1, sharp paws
0: Orb of Zot
a: Berserk, Trog's Hand, Brothers in Arms, Renounce Religion, Evoke Flight


You escaped.
You worshipped Trog.
Trog was greatly pleased with you.
You were not hungry.

You visited 1 branch You collected 5869 gold pieces.
You spent 1715 gold pieces at shops.

Inventory:

Jewellery
 a - a +3 ring of protection {unknown}
 c - an uncursed ring of positive energy {unknown}
 d - the ring of the Scarab (left paw) {rF+ rC+ Str+4 Int-2 Dex+5}
   (You found it in the Dungeon)

   [ring of protection from fire]

   It affects your strength (+4).
   It affects your intelligence (-2).
   It affects your dexterity (+5).
   It protects you from fire.
   It protects you from cold.
 k - a ring of flight (right paw)
 l - an uncursed ring of protection from fire
 m - an uncursed ring of stealth
 n - an uncursed ring of fire
 p - an amulet of faith (around neck)
 r - an uncursed amulet of rage {unknown}
 s - an uncursed ring of poison resistance
Wands
 g - a wand of digging (1)
 h - a wand of random effects (29)
 q - a wand of acid (8)
Scrolls
 j - 2 scrolls of fog
 u - a scroll of identify
Potions
 e - 2 potions of magic
 f - a potion of berserk rage
 i - a potion of might
 t - 2 potions of curing
Comestibles
 o - 2 rations


   Skills:
 + Level 14.3 Fighting
 + Level 17.8 Dodging
 + Level 25.5 Stealth
 + Level 18.2 Unarmed Combat


You had 11 spell levels left.
You didn't know any spells.
Your spell library was empty.

Dungeon Overview and Level Annotations

Branches:
Dungeon (1/1)

Altars:
Cheibriados
Dithmenos
Elyvilon
Fedhas
Gozag
Hepliaklqana
Kikubaaqudgha
Makhleb
Nemelex Xobeh
Okawaru
Qazlal
Ru
Sif Muna
Trog
Uskayaw
Vehumet
Wu Jian
Xom
Yredelemnul
Zin
The Shining One
Jiyva
Lugonu

Shops:
D }=}*==%((=[%?(=[*[

Annotations:
D Lernaean hydra, Tiamat


Innate Abilities, Weirdness & Mutations

You cannot wear armour.
You are incapable of wielding weapons or throwing items.
Your paws allow you to move quietly. (Stealth)
You have sharp claws.
You have razor-sharp teeth.
You have supernaturally acute eyesight. (SInv)
You are carnivorous and can eat meat at any time.
You cover ground quickly.
Your thick and shaggy fur keeps you warm. (AC +3, rC+)
You have a slow metabolism.
Your sharp claws are effective at attacking unaware monsters.


Message History

a scythe of pain; a robe The Hell Sentinel gestures at you.
The iron shot misses you.
Found 27 gold pieces.
There is an open door, spattered with blood here.
You see here a giant spiked club.
You fail to use your ability.
Riorhi comes into view.
The Hell Sentinel gestures at you. The iron shot misses you.
There is an open door here.
Riorhi growls, "Accept thy fall, thou tasty repast!"
Riorhi hits you!!
* * * LOW HITPOINT WARNING * * *
Riorhi completely misses you.
There is an open door here.
There is a staircase leading out of the dungeon here.
Riorhi gestures at you. You resist with some effort.
You have escaped!

##################
#@&#..'..#.)'..#__
#..'1.#.)'..#..'^.
#..#####'#####'#__
#..####$$#...#.###
#..#__####..##.#§≈
#..#_____##'#§.'≈≈
#⌠⌠#_.∩...'..§_#§≈
####_..__##_.#'##§
#_____###'#.#§§


You could see Riorhi and a Hell Sentinel.

Vanquished Creatures
  A deep elf master archer (D)
  A shadow dragon (D)
  A daeva (D)
  3 fire giants (D)
  A lorocyproca (D)
  A mummy priest (D)
  A hydra (D)
  2 centaur warriors (D)
  Sonja (D)
  A deep troll (D)
  7 unseen horrors (D)
  A lindwurm (D)
  2 oklob plants (D)
  A merfolk siren (D)
  A gargoyle (D)
  2 demonic crawlers (D)
  2 kobold demonologists (D)
  A meliai (D)
  4 hornets (D)
  A slime creature (D)
  2 redbacks (D)
  A yak (D)
  Sigmund (D)
  13 hogs (D)
  3 floating eyes (D)
  2 necrophages (D)
  An ogre (D)
  8 jellies (D)
  Ijyb (D)
  3 ballistomycetes (D)
70 creatures vanquished.

Vanquished Creatures (collateral kills)
  A golden dragon (D)
  A fire giant (D)
  A merfolk siren (D)
  A hellwing (D)
  2 demonic crawlers (D)
  5 necrophages (D)
11 creatures vanquished.

Vanquished Creatures (others)
  A deep elf annihilator (D)
  A gargoyle (D)
  A hornet (D)
  2 ballistomycete spores (D)
5 creatures vanquished.

Grand Total: 86 creatures vanquished

Notes
Turn   | Place    | Note
-------+----------+-------------------------------------------
     0 | D        | Groucho the Felid Berserker began the quest for the Orb.
     0 | D        | Reached XP level 1. HP: 10/10 MP: 2/2
     2 | D        | Noticed Ijyb
     5 | D        | Killed Ijyb
     5 | D        | Reached skill level 8 in Stealth
     5 | D        | Reached XP level 2. HP: 14/14 MP: 3/3
   156 | D        | Noticed an ogre
   158 | D        | Killed an ogre
   158 | D        | Reached skill level 12 in Stealth
   158 | D        | Reached XP level 3. HP: 17/17 MP: 4/4
   158 | D        | Reached XP level 4. HP: 21/21 MP: 5/5
   169 | D        | Noticed Sigmund
   177 | D        | Killed Sigmund
   177 | D        | Reached ** piety under Trog
   177 | D        | Reached skill level 16 in Stealth
   177 | D        | Reached XP level 5. HP: 23/24 MP: 6/6
   443 | D        | Killed a gargoyle
   614 | D        | Found a deep blue altar of Sif Muna.
   615 | D        | Found an ornate altar of the Wu Jian Council.
   616 | D        | Found a radiant altar of Vehumet.
   620 | D        | Gained mutation: You are covered in thick fur. (AC +2)
                  | [Felid growth]
   620 | D        | Reached XP level 6. HP: 28/28 MP: 7/7
   639 | D        | Found Hyhecr Puesch's Jewellery Emporium.
   639 | D        | Found an ancient bone altar of Kikubaaqudgha.
   639 | D        | Found a hazy altar of Hepliaklqana.
   639 | D        | Found a stormy altar of Qazlal.
   639 | D        | Found a hide-covered altar of Uskayaw.
   639 | D        | Found a blossoming altar of Fedhas.
   639 | D        | Found a bloodstained altar of Trog.
   639 | D        | Found an iron altar of Okawaru.
   639 | D        | Found a basalt altar of Yredelemnul.
   639 | D        | Found a glowing golden altar of the Shining One.
   639 | D        | Found a snail-covered altar of Cheibriados.
   639 | D        | Found a sacrificial altar of Ru.
   639 | D        | Found a glowing silver altar of Zin.
   639 | D        | Found a shadowy altar of Dithmenos.
   639 | D        | Found a white marble altar of Elyvilon.
   639 | D        | Noticed a yak
   640 | D        | Found an opulent altar of Gozag.
   641 | D        | Killed a yak
   641 | D        | Reached skill level 17 in Stealth
   642 | D        | Found a sparkling altar of Nemelex Xobeh.
   661 | D        | Found a viscous altar of Jiyva.
   661 | D        | Found a corrupted altar of Lugonu.
   661 | D        | Noticed a slime creature
   662 | D        | Found a burning altar of Makhleb.
   662 | D        | Found a shimmering altar of Xom.
   664 | D        | Killed a slime creature
   664 | D        | Reached *** piety under Trog
   664 | D        | Reached skill level 18 in Stealth
   664 | D        | Reached XP level 7. HP: 31/31 MP: 8/8
   683 | D        | Noticed a centaur warrior
   683 | D        | Noticed a centaur warrior
   684 | D        | Killed a centaur warrior
   684 | D        | Reached skill level 19 in Stealth
   684 | D        | Reached skill level 10 in Unarmed Combat
   684 | D        | Reached XP level 8. HP: 34/34 MP: 9/9
   685 | D        | Killed a centaur warrior
   685 | D        | Reached skill level 21 in Stealth
   685 | D        | Reached XP level 9. HP: 37/37 MP: 10/10
   829 | D        | Noticed an oklob plant
   867 | D        | Killed an oklob plant
   925 | D        | Reached **** piety under Trog
   925 | D        | Reached skill level 22 in Stealth
   926 | D        | HP: 1/55 [poisoned by a redback]
   927 | D        | Succumbed to a redback's poison
   928 | D        | Reached XP level 8. HP: 0/51 MP: 9/9
  1177 | D        | Noticed an unseen horror
  1177 | D        | Noticed an unseen horror
  1183 | D        | Killed an unseen horror
  1183 | D        | Reached XP level 9. HP: 43/43 MP: 10/10
  1185 | D        | Killed an unseen horror
  1189 | D        | Reached ***** piety under Trog
  1442 | D        | Found Zaqihut's General Store.
  1442 | D        | Found Povvy's Gadget Shop.
  1442 | D        | Found Jutef's Jewellery Boutique.
  1444 | D        | Found Fuxkeoge's Jewellery Emporium.
  1444 | D        | Found Opitenag's Food Shop.
  1444 | D        | Found Uregroi's Antique Weapon Shoppe.
  1444 | D        | Found Bokeliall's Antique Weapon Boutique.
  1444 | D        | Found Mobi's Jewellery Emporium.
  1444 | D        | Found Idiotim's Armour Shop.
  1444 | D        | Found Deteycoc's Food Shoppe.
  1446 | D        | Bought a wand of digging (8) for 240 gold pieces
  1448 | D        | Found Ifol's Magic Scroll Boutique.
  1449 | D        | Found Deaqyiq's Jewellery Emporium.
  1449 | D        | Found Avamoq's Weapon Boutique.
  1450 | D        | Found Waega's General Store.
  1475 | D        | Found Paprac's Armour Emporium.
  1506 | D        | Noticed a deep troll
  1508 | D        | Killed a deep troll
  1531 | D        | Noticed Sonja
  1548 | D        | Killed Sonja
  1548 | D        | Reached skill level 15 in Unarmed Combat
  1548 | D        | Reached XP level 10. HP: 32/48 MP: 11/11
  1578 | D        | Found Heaqezoc's Gadget Boutique.
  1629 | D        | Bought an uncursed ring of flight for 175 gold pieces
  1629 | D        | Bought an uncursed ring of protection from fire for 250
                  | gold pieces
  1926 | D        | Reached skill level 10 in Dodging
  2261 | D        | Bought a ration for 60 gold pieces
  2261 | D        | Bought a ration for 60 gold pieces
  2310 | D        | Noticed a lindwurm
  2312 | D        | Killed a lindwurm
  2336 | D        | Reached skill level 10 in Fighting
  2354 | D        | Reached XP level 11. HP: 53/53 MP: 12/12
  2361 | D        | Reached ****** piety under Trog
  2605 | D        | Noticed a 12-headed hydra
  2607 | D        | Killed a 12-headed hydra
  2678 | D        | Noticed a shadow dragon
  2678 | D        | Noticed a golden dragon
  2679 | D        | HP: 1/54 [shadow dragon/bolt of negative energy (47)]
  2707 | D        | Killed a golden dragon
  2707 | D        | Reached skill level 23 in Stealth
  2710 | D        | Killed a shadow dragon
  3018 | D        | Got a smoking silver ring
  3028 | D        | Found Jaadghoso's Armour Shoppe.
  3123 | D        | Bought an uncursed ring of fire for 250 gold pieces
  3124 | D        | Identified the ring of the Scarab {rF+ rC+ Str+4 Int-2
                  | Dex+5} (You found it in the Dungeon)
  3376 | D        | Noticed a daeva
  3380 | D        | Killed a daeva
  3410 | D        | Noticed an unseen horror
  3410 | D        | Noticed an unseen horror
  3410 | D        | Noticed an unseen horror
  3410 | D        | Noticed an unseen horror
  3410 | D        | Noticed an unseen horror
  3412 | D        | Killed an unseen horror
  3413 | D        | Killed an unseen horror
  3413 | D        | Reached skill level 15 in Dodging
  3415 | D        | Killed an unseen horror
  3421 | D        | Killed an unseen horror
  3421 | D        | Reached skill level 24 in Stealth
  3424 | D        | Killed an unseen horror
  3455 | D        | Noticed a fire giant
  3458 | D        | Noticed a fire giant
  3467 | D        | Killed a fire giant
  3467 | D        | Gained mutation: Your thick and shaggy fur keeps you warm.
                  | (AC +3, rC+) [Felid growth]
  3467 | D        | Reached XP level 12. HP: 61/61 MP: 13/13
  3528 | D        | Noticed a fire giant
  3558 | D        | Killed a fire giant
  3596 | D        | Killed a fire giant
  3854 | D        | Noticed a fire giant
  3861 | D        | Killed a fire giant
  3937 | D        | Noticed a deep elf annihilator
  3952 | D        | Paralysed by a hornet for 2 turns
  3953 | D        | Slain by a merfolk siren
  3954 | D        | Reached XP level 11. HP: -3/87 MP: 12/12
  4148 | D        | Noticed a mummy priest
  4149 | D        | Noticed an oklob plant
  4936 | D        | Killed a deep elf annihilator
  5231 | D        | Noticed a shadow wraith
  5231 | D        | Noticed a flayed ghost
  5472 | D        | Killed an oklob plant
  5472 | D        | Reached skill level 25 in Stealth
  5476 | D        | Killed a mummy priest
  5476 | D        | Noticed a reaper
  5991 | D        | Noticed the 27-headed Lernaean hydra
  6046 | D        | Noticed a deep elf master archer
  6054 | D        | Killed a deep elf master archer
  6571 | D        | Bought a ration for 60 gold pieces
  6571 | D        | Bought a ration for 60 gold pieces
  6571 | D        | Bought a ration for 60 gold pieces
  6571 | D        | Bought a ration for 60 gold pieces
  6571 | D        | Bought a ration for 60 gold pieces
  6571 | D        | Bought a ration for 60 gold pieces
  6571 | D        | Bought a ration for 60 gold pieces
  6578 | D        | Bought an uncursed ring of poison resistance for 260 gold
                  | pieces
  6721 | D        | Noticed a lorocyproca
  6740 | D        | Killed a lorocyproca
  6740 | D        | Reached XP level 12. HP: 64/64 MP: 4/13
  7569 | D        | Noticed Tiamat
  7579 | D        | Got the Orb of Zot
  7631 | D        | Noticed a Hell Sentinel
  7637 | D        | HP: 1/64 [Hell Sentinel/damnation[Riorhi] (22)]
  7644 | D        | Noticed Riorhi the pandemonium lord
  7652 | D        | Escaped with the Orb!

Skill      XL: |  1  2  3  4  5  6  7  8  9 10 11 12 |
---------------+-------------------------------------+-----
Stealth        | 8 12 16 18 19 21 22 25 | 25.5
Unarmed Combat | 7 10 11 15 18 | 18.2
Fighting       | 7 9 10 14 13 | 14.3
Dodging        | 12 17 16 | 17.8

Action                   |  1- 3 |  4- 6 |  7- 9 | 10-12 || total
-------------------------+-------+-------+-------+-------++-------
Melee: Unarmed           |     3 |     9 |    35 |   117 ||   164
       Bite              |       |     1 |     2 |    18 ||    21
       Punch             |       |       |     2 |    14 ||    16
Invok: Berserk           |     1 |     1 |     6 |    13 ||    21
       Brothers in Arms  |       |       |     5 |    15 ||    20
       Trog's Hand       |       |       |     4 |    13 ||    17
 Abil: Evoke Flight      |       |       |       |     9 ||     9
Evoke: Wand              |       |       |     1 |     7 ||     8
  Use: Scroll            |       |       |     1 |     4 ||     5
       Potion            |       |       |       |     5 ||     5
 Stab: Sleeping          |     1 |     3 |    11 |    16 ||    31
       Distracted        |       |       |       |     1 ||     1
  Eat: Chunk             |     3 |     6 |     3 |    15 ||    27
       Ration            |       |       |     1 |    12 ||    13
Armor: Skin              |       |       |     2 |     1 ||     3
Dodge: Dodged            |     1 |     3 |    28 |   108 ||   140
